 Dungeon Crawl Stone Soup version 0.28-a0-1487-g0a3215c (webtiles) character file.

Game seed: 12052907585336465577

271 Dorkslayer the Chopper (level 6, -1/53 HPs)
             Began as a Hill Orc Fighter on Jan 11, 2022.
             Slain by Crazy Yiuf (12 damage)
             ... on level 3 of the Dungeon on Jan 12, 2022.
             The game lasted 00:06:32 (3687 turns).

Dorkslayer the Chopper (Hill Orc Fighter)           Turns: 3687, Time: 00:06:33

Health: -1/53      AC:  7    Str: 27    XL:     6   Next: 23%
Magic:  6/6        EV: 10    Int:  8    God:
Gold:   103        SH:  4    Dex: 10    Spells: 5/5 levels left

rFire   . . .      SeeInvis .   a - +0 war axe
rCold   . . .      Faith    +   c - +0 buckler
rNeg    . . .      Spirit   .   b - +0 scale mail
rPois   .          Reflect  .   (no helmet)
rElec   .          Harm     .   (no cloak)
rCorr   .          Rampage  .   (no gloves)
Will    .....                   (no boots)
Stlth   ..........              e - amulet of faith
HPRegen 0.17/turn               i - +6 ring of strength
MPRegen 0.10/turn               (no ring)

@: lethally poisoned (-1 -> -13)
A: no striking features
a: no special abilities


You were on level 3 of the Dungeon.
You visited 1 branch of the dungeon, and saw 4 of its levels.

You collected 103 gold pieces.

Inventory:

Hand Weapons
 a - a +0 war axe (weapon)
Armour
 b - a +0 scale mail (worn)
 c - a +0 buckler (worn)
Jewellery
 e - an amulet of faith (around neck)
 i - a +6 ring of strength (left hand)
Scrolls
 g - 2 scrolls of brand weapon {unknown}
 j - a scroll of magic mapping {unknown}
 k - a scroll of immolation {unknown}
Potions
 h - 2 potions of brilliance {unknown}
 l - a potion of heal wounds {unknown}
 m - a potion of mutation {unknown}
 n - a potion of curing {unknown}


   Skills:
 + Level 4.5 Fighting
 + Level 5.6 Axes
 + Level 4.5 Armour
 + Level 1.1 Dodging
 + Level 0.1 Stealth
 + Level 4.0 Shields


You had 5 spell levels left.
You didn't know any spells.
Your spell library contained the following spells:

 Spells                   Type           Power      Damage    Failure   Level
 Summon Small Mammal      Summ           0%         N/A       77%         1
 Call Canine Familiar     Summ           0%         N/A       98%         3
 Summon Guardian Golem    Hex/Summ       0%         N/A       98%         3


Dungeon Overview and Level Annotations

Branches:
Dungeon (4/15)
 Temple: D:4-7

Altars:
Nemelex Xobeh
Sif Muna

Annotations:
D:3 Crazy Yiuf


Message History

You open the door.
Found a stone staircase leading up.
There is an open door here.
You open the door.
There is an open door here.
You open the door.
There is an open door here.
As you open the door, it creaks loudly!
There is an open door here.
Crazy Yiuf shouts!
You open the door.
There is an open door, spattered with blood here.
There is an open door here.
There is a stone staircase leading up here.
There is an open door here.
Crazy Yiuf shouts!
You open the door. You closely miss Crazy Yiuf.
Crazy Yiuf hits you with a +2 quarterstaff of chaos!
Crazy Yiuf freezes you.
You hit Crazy Yiuf.
Crazy Yiuf is lightly wounded.
Crazy Yiuf hits you with a +2 quarterstaff of chaos!
Crazy Yiuf burns you. Crazy Yiuf barely misses you.
You hit Crazy Yiuf.
Crazy Yiuf is moderately wounded.
Crazy Yiuf hits you with a +2 quarterstaff of chaos!
You are poisoned.
You barely miss Crazy Yiuf.
Crazy Yiuf is moderately wounded.
You feel very sick.
Crazy Yiuf hits you with a +2 quarterstaff of chaos.
* * * LOW HITPOINT WARNING * * *
You are lethally poisoned!
You slash Crazy Yiuf!
Crazy Yiuf is almost dead.
* * * LOW HITPOINT WARNING * * *
You feel very sick. Crazy Yiuf hits you but does no damage.
Space warps horribly around you!
You die...

#.......# #..####.#
#..# #.# #..######
#..#.# ####..#.#
........##♣♣ ###
.##......#.♣♣ ♣♣#..)#
.###........♣♣♣♣@g...#
.# ##.#......♣..♣#...#
## #.##.#..♣.♣♣♣ ### #
#.####♣♣♣♣♣ ##'##
##...## ### ###
##.....## ##.### #.#
##.......###....###.#
#.........#.........#


You could see Crazy Yiuf.

Vanquished Creatures
  A water moccasin (D:3)
  An orc priest (D:3)
  A gnoll shaman (D:4)
  2 gnolls (D:4)
  2 adders (D:3)
  An ufetubus (D:4)
  2 worms (D:3)
  2 dart slugs
  4 orcs (D:3)
  3 bats
  3 endoplasms
  4 giant cockroaches (D:2)
  6 goblins
  4 hobgoblins
  3 jackals (D:1)
  4 kobolds (D:2)
  2 quokkas
  5 ball pythons
  2 frilled lizards
  4 rats
56 creatures vanquished.

Vanquished Creatures (others)
  125 plants (D:1)
125 creatures vanquished.

Grand Total: 181 creatures vanquished

Notes
Turn   | Place    | Note
-------+----------+-------------------------------------------
     0 | D:1      | Dorkslayer the Hill Orc Fighter began the quest for the
                  | Orb.
     0 | D:1      | Reached XP level 1. HP: 19/19 MP: 1/1
   434 | D:1      | Reached XP level 2. HP: 24/27 MP: 2/2
  1183 | D:2      | Reached skill level 3 in Axes
  1749 | D:2      | Reached XP level 3. HP: 28/33 MP: 3/3
  2177 | D:3      | Found a shimmering blue altar of Sif Muna.
  2209 | D:3      | Reached XP level 4. HP: 21/40 MP: 4/4
  2442 | D:3      | Found a sparkling altar of Nemelex Xobeh.
  2504 | D:3      | Noticed a water moccasin
  2514 | D:3      | Killed a water moccasin
  2515 | D:3      | Reached skill level 4 in Axes
  2515 | D:3      | Reached XP level 5. HP: 43/47 MP: 5/5
  2518 | D:3      | Found a faded altar of an unknown god.
  2727 | D:3      | You fall into a shaft and drop 1 floor!
  2771 | D:4      | Reached skill level 5 in Axes
  2776 | D:4      | Reached skill level 1 in Dodging
  2783 | D:4      | Reached XP level 6. HP: 14/53 MP: 6/6
  3395 | D:3      | Found a runed translucent door.
  3497 | D:3      | Noticed Crazy Yiuf
  3687 | D:3      | Slain by Crazy Yiuf

Illustrated notes

Levels and vault maps discovered:
D:1:      roderic_crop_circles_arrival_small, layout_basic,
          roderic_nine_men_s_morris
D:2:      minmay_razor_zed, layout_basic
D:3:      layout_loops_corners, mainiacjoe_overflow_catch_the_wave,
          basic_ecumenical_altar, uniq_crazy_yiuf_cottage
D:4:      layout_rooms, bloody_makhleb, grunt_gozag_breadcrumbs,
          mainiacjoe_overflow_tiny_flanked

Skill      XL: |  1  2  3  4  5 |
---------------+----------------+-----
Axes           | 3 4 5 |  5.6
Fighting       | 4 |  4.5
Armour         | 4 |  4.5
Dodging        | 1 |  1.1
Shields        | 4 |  4.0
Stealth        | |  0.1

Action                   |  1- 3 |  4- 6 || total
-------------------------+-------+-------++-------
Melee: War axe           |   162 |    62 ||   224
  Use: Potion            |       |     2 ||     2
       Scroll            |       |     1 ||     1
Armor: Scale mail        |    50 |    19 ||    69
Dodge: Dodged            |    60 |    20 ||    80
Block: Buckler           |    18 |    14 ||    32

Table legend: (Time is in decaauts)
 A = Elapsed time spent in this place.
 B = Non-inter-level travel time spent in this place.
 C = Inter-level travel time spent in this place.
 D = Time resting spent in this place.
 E = Time spent auto-exploring this place.
 F = Levels seen in this place.
 G = Mean time per level.
                   A        B        C        D        E       F      G
               +--------+--------+--------+--------+--------+-----+--------+
         Total |   3770 |   3770 |      0 |    493 |   1680 |   4 |  942.5 |
       Dungeon |   3770 |   3770 |      0 |    493 |   1680 |   4 |  942.5 |
               +--------+--------+--------+--------+--------+-----+--------+

Top non-repeatable levels by time:
     D:3: 1471 daAuts
     D:2: 1169 daAuts
     D:1: 1067 daAuts
     D:4: 61 daAuts
